 Dungeon Crawl Stone Soup version 0.30-a0-639-g3916f1956a (webtiles) character file.

Game seed: 7901745878734544019

1435 domi the Conjurer (level 8, -6/52 HPs)
             Began as a Demonspawn Hedge Wizard on Jan 15, 2023.
             Was an Initiate of Gozag.
             Mangled by an orc knight
             ... wielding a +0 war axe
              (17 damage)
             ... in a bailey.
             The game lasted 00:21:04 (8345 turns).

domi the Conjurer (Demonspawn Hedge Wizard)         Turns: 8345, Time: 00:21:04

Health: -6/52      AC:  6    Str: 10    XL:     8   Next: 45%
Magic:  8/21       EV: 11    Int: 19    God:    Gozag
Gold:   392        SH:  5    Dex: 12    Spells: 6/13 levels left

rFire   . . .      SeeInvis .    s - +2 dagger (venom)
rCold   . . .      Faith    .    F - +0 buckler
rNeg    . . .      Spirit   .    b - +0 robe
rPois   .          Reflect  .    c - +0 hat
rElec   .          Harm     .    A - +0 cloak
rCorr   .          Rampage  .    D - +0 pair of gloves
Will    .....                    (no boots)
Stlth   ++                       (no amulet)
HPRegen 0.28/turn                x - ring of magical power {MP+9}
MPRegen 0.17/turn                (no ring)

@: mighty
A: antennae 1, demonic guardian 1, sharp scales 2
a: Renounce Religion, Potion Petition, Call Merchant, Bribe Branch


You were in a bailey.
You worshipped Gozag.
Gozag was aware of your devotion.
You visited 1 branch of the dungeon, and saw 7 of its levels.
You also visited: Bailey.

You collected 542 gold pieces.
You spent 105 gold pieces at shops.
You paid 45 gold pieces to Gozag.

Inventory:

Hand Weapons
 a - a +0 dagger
 q - a +3 whip
   (You took it off an orc on level 3 of the Dungeon)
 r - a +0 dagger of freezing
   (You took it off an orc on level 3 of the Dungeon)
 s - a +2 dagger of venom (weapon)
   (You took it off a goblin on level 3 of the Dungeon)
Armour
 b - a +0 robe (worn)
 c - a +0 hat (worn)
 A - a +0 cloak (worn)
   (You found it on level 5 of the Dungeon)
 D - a +0 pair of gloves (worn)
   (You found it on level 5 of the Dungeon)
 E - a +0 leather armour of positive energy
   (You found it on level 6 of the Dungeon)
 F - a +0 buckler (worn)
   (You found it on level 6 of the Dungeon)
Jewellery
 o - a ring of fire {rF+, rC-}
   (You found it on level 3 of the Dungeon)
 x - a ring of magical power (left hand) {MP+9}
   (You found it on level 5 of the Dungeon)
Scrolls
 g - a scroll of silence {unknown}
 l - a scroll of magic mapping {!r}
 m - 2 scrolls of teleportation {unknown}
 v - 2 scrolls of immolation {unknown}
 w - a scroll of enchant weapon {unknown}
 y - a scroll of fear {unknown}
 B - a scroll of vulnerability {unknown}
Potions
 d - a potion of magic
 e - 2 potions of cancellation
 i - a potion of ambrosia {!q}
 p - a potion of curing {@q1}
 t - a potion of haste {@q3}
 u - a potion of flight
 z - a potion of attraction {!q}
 C - a potion of mutation {!q!q}


   Skills:
 - Level 1.7 Dodging
 - Level 1.7 Stealth
 - Level 4.0 Shields
 - Level 3.0 Spellcasting
 - Level 5.0 Conjurations
 - Level 5.0 Summonings
 + Level 2.4 Necromancy
 - Level 0.8 Translocations
 - Level 5.0 Air Magic


You had 6 spell levels left.
You knew the following spells:

 Your Spells              Type           Power      Damage    Failure   Level
b - Blink                 Tloc           12%        N/A       21%         2
x - Call Imp              Summ           21%        N/A       3%          2
y - Cigotuvi's Dreadful   Necr/Pois/Air  24%        N/A       11%         2
z - Magic Dart            Conj           84%        1d7       2%          1

Your spell library contained the following spells:

 Spells                   Type           Power      Damage    Failure   Level
 Mephitic Cloud           Conj/Pois/Air  15%        N/A       16%         3
 Sandblast                Erth           4%         2d4       19%         1
 Slow                     Hex            8%         N/A       19%         1
 Stone Arrow              Conj/Erth      24%        3d8       21%         3
 Passwall                 Tmut/Erth      1%         N/A       28%         2
 Animate Armour           Summ/Erth      24%        N/A       56%         4
 Lehudib's Crystal Spear  Conj/Erth      6%         10d3      100%        8


Dungeon Overview and Level Annotations

Branches:
Dungeon (7/15)             Bailey (1/1)
 Temple: D:4-7

Altars:
Gozag
Hepliaklqana
Sif Muna
Trog

Shops:
D:5 *

Annotations:
D:6 Blork the orc, Menkaure


Innate Abilities, Weirdness & Mutations

You have a pair of small antennae on your head.
A weak demonic guardian rushes to your aid.
You are mostly covered in razor-sharp scales. (AC +2, Slay +2)


Message History

You hit the kobold brigand.
The kobold brigand looks as sick as possible!
A kobold comes into view.
The kobold brigand hits you with a +0 war axe!
You take 11 damage, and have 17/52 hp.
MASSIVE DAMAGE!!
The kobold shouts!
You hit the kobold brigand.
The kobold brigand looks as sick as possible!
The kobold brigand hits you with a +0 war axe.
* * * LOW HITPOINT WARNING * * *
An orc knight comes into view. It is wielding a +0 war axe.
You take 2 damage, and have 15/52 hp.
You feel better.
An orc warrior comes into view. It is wielding a +0 war axe.
The kobold closely misses you.
The kobold brigand completely misses you.
The orc knight roars a battlecry!
The orc warrior goes into a battle-frenzy!
You regained 6 hp, and now have 21/52 hp.
You barely miss the kobold brigand.
You flicker for a moment.
The kobold brigand hits you with a +0 war axe!
* * * LOW HITPOINT WARNING * * *
A demonic guardian appears!
You take 10 damage, and have 11/52 hp.
The orc warrior shouts!
You hit the kobold brigand.
The kobold brigand looks as sick as possible!
A kobold comes into view.
The kobold is distracted by your dazzling golden aura.
You completely miss the kobold brigand.
You kill the kobold brigand!
The kobold is no longer distracted by gold.
Your Necromancy skill increases to level 2!
You aren't carrying any items that you can evoke.
Unknown command.
You feel much better.
The kobold throws a boomerang.
You block the boomerang.
The kobold is distracted by your dazzling golden aura.
You regained 21 hp, and now have 32/52 hp.
Okay, then.
A shadowy apparition takes form in the air.
The kobold shouts!
The kobold throws a boomerang.
The boomerang barely misses your white imp.
The boomerang closely misses you.
You now have 6/21 mp.
The kobold throws a boomerang.
The boomerang barely misses you.
Your white imp closely misses the kobold.
There is an open gate here.
You flicker back into view.
The orc warrior shouts!
The kobold hits you but does no damage.
The orc knight hits your white imp with a +0 war axe.
Your white imp gestures at the kobold.
The puff of frost hits the kobold!
The kobold dies!
Things that are here:
8 gold pieces; a boomerang You feel very mighty all of a sudden.
The orc knight hits your white imp with a +0 war axe!
Your white imp dies!
Your white imp disappears in a puff of smoke!
The kobold throws a boomerang.
The boomerang barely misses you.
Okay, then.
Okay, then.
Okay, then.
Okay, then.
The kobold is no longer distracted by gold.
There is an open gate here.
You hit the orc knight but do no damage.
The orc knight hits you with a +0 war axe.
The orc knight hits your shadow imp with a +0 war axe.
The kobold throws a boomerang.
The boomerang barely misses your shadow imp.
The boomerang closely misses you.
The kobold throws a boomerang.
The boomerang barely misses your shadow imp.
The boomerang barely misses you.
Your shadow imp hits the orc knight.
You take 6 damage, and have 27/52 hp.
You hit the orc knight.
The orc knight is poisoned.
The orc knight hits you with a +0 war axe!
* * * LOW HITPOINT WARNING * * *
The orc knight closely misses your shadow imp.
The kobold barely misses your shadow imp.
The kobold completely misses your shadow imp.
Your shadow imp hits the orc knight but does no damage.
You take 17 damage, and have 10/52 hp.
MASSIVE DAMAGE!!
Your shadow imp hits the orc knight but does no damage.
There is a gate leading back out of this place, spattered with blood here.
The orc knight attacks as you move away!
The orc knight barely misses you.
The orc knight hits your shadow imp with a +0 war axe!
Your shadow imp dies!
Your shadow imp disappears in a puff of smoke!
You hit the orc knight but do no damage.
The orc knight looks as sick as possible!
The orc knight hits you with a +0 war axe!
You die...
Your body crumbles into a pile of gold.

......
.....
#...#
#.$$#
#.$.#
#..o#
##KK'##
##.$o$$##
#...@...#
#...∩...#
##.....##
#######


You could see an orc knight (extremely poisoned), an orc warrior (strong) and 2
kobolds.

Vanquished Creatures
  A sky beast (D:7)
  2 ice beasts (D:6)
  A black bear (D:6)
  2 phantoms
  3 kobold brigands (Bailey)
  A scorpion (D:6)
  A jelly (D:6)
  An orc priest (D:4)
  2 iguanas
  7 orc wizards
  3 adders
  2 shadow imps
  A worm (D:3)
  4 dart slugs
  16 orcs
  8 ball pythons
  5 endoplasms
  10 giant cockroaches
  19 goblins
  11 hobgoblins
  6 jackals
  5 kobolds
  3 quokkas
  2 bats (D:1)
  5 frilled lizards
  6 rats
127 creatures vanquished.

Vanquished Creatures (collateral kills)
  A necrophage (D:5)
  A hound (D:6)
  An orc priest (D:4)
  An iguana (D:5)
  An adder (D:4)
  A white imp (D:7)
  A dart slug (D:1)
  2 orcs (D:4)
  3 kobolds
  A quokka (D:1)
13 creatures vanquished.

Grand Total: 140 creatures vanquished

Notes
Turn   | Place    | Note
-------+----------+-------------------------------------------
     0 | D:1      | domi the Demonspawn Hedge Wizard began the quest for the
                  | Orb.
     0 | D:1      | Reached XP level 1. HP: 13/13 MP: 4/4
   362 | D:1      | Reached skill level 2 in Conjurations
   428 | D:1      | Gained mutation: A weak demonic guardian rushes to your
                  | aid. [demonic ancestry]
   428 | D:1      | Reached XP level 2. HP: 7/19 MP: 1/6
   481 | D:1      | Learned a level 2 spell: Call Imp
   484 | D:1      | Learned a level 2 spell: Blink
   487 | D:1      | Learned a level 2 spell: Cigotuvi's Dreadful Rot
  1112 | D:1      | Reached skill level 3 in Conjurations
  1160 | D:1      | Gained mutation: You have a pair of small antennae on your
                  | head. [demonic ancestry]
  1160 | D:1      | Reached XP level 3. HP: 22/22 MP: 4/7
  2901 | D:3      | Reached skill level 4 in Conjurations
  2901 | D:3      | Gained mutation: You are partially covered in razor-sharp
                  | scales. (AC +1, Slay +1) [demonic ancestry]
  2901 | D:3      | Reached XP level 4. HP: 22/30 MP: 3/8
  4156 | D:3      | Found a hazy altar of Hepliaklqana.
  4334 | D:3      | Found a shimmering blue altar of Sif Muna.
  4428 | D:3      | Reached XP level 5. HP: 28/35 MP: 3/9
  4614 | D:4      | Reached skill level 5 in Conjurations
  4909 | D:4      | Reached skill level 2 in Summonings
  4924 | D:4      | Reached skill level 3 in Summonings
  5117 | D:4      | Found an opulent altar of Gozag.
  5118 | D:4      | Noticed a phantom
  5157 | D:4      | Became a worshipper of Gozag Ym Sagoz the Greedy
  5240 | D:4      | Gained mutation: You are mostly covered in razor-sharp
                  | scales. (AC +2, Slay +2) [demonic ancestry]
  5240 | D:4      | Reached XP level 6. HP: 23/38 MP: 6/10
  5267 | D:4      | Reached skill level 4 in Summonings
  5292 | D:4      | HP: 9/41 [orc wizard/puff of flame (8)]
  5644 | D:4      | Reached skill level 5 in Summonings
  5647 | D:4      | Reached skill level 1 in Air Magic
  6068 | D:5      | Entered Level 5 of the Dungeon
  6396 | D:5      | Reached skill level 2 in Air Magic
  6396 | D:5      | Reached XP level 7. HP: 27/46 MP: 0/11
  6647 | D:5      | Found Vuorei's General Store.
  6658 | D:5      | Bought a potion of heal wounds for 75 gold pieces
  6658 | D:5      | Bought a scroll of identify for 30 gold pieces
  6737 | D:5      | Reached skill level 3 in Air Magic
  7270 | D:6      | Reached skill level 4 in Air Magic
  7631 | D:6      | Noticed Menkaure
  7785 | D:6      | Reached skill level 5 in Air Magic
  7799 | D:6      | Reached skill level 1 in Shields
  7799 | D:6      | Reached XP level 8. HP: 52/52 MP: 12/12
  7884 | D:6      | Reached skill level 2 in Shields
  8005 | D:6      | Noticed Blork the orc
  8078 | D:7      | HP: 12/51 [shadow imp/nerve-wracking pain (9)]
  8123 | D:7      | Found a bloodstained altar of Trog.
  8171 | D:7      | Found a flagged portal.
  8196 | D:7      | Reached skill level 3 in Shields
  8206 | Bailey   | Entered a bailey
  8315 | Bailey   | HP: 9/50 [kobold brigand/+0 war axe (9)]
  8327 | Bailey   | Reached skill level 4 in Shields
  8327 | Bailey   | Reached skill level 1 in Necromancy
  8330 | Bailey   | Noticed an orc knight
  8332 | Bailey   | HP: 11/52 [kobold brigand/+0 war axe (11)]
  8335 | Bailey   | Reached skill level 2 in Necromancy
  8342 | Bailey   | HP: 10/52 [orc knight/+0 war axe (17)]
  8345 | Bailey   | Mangled by an orc knight

Illustrated notes

Levels and vault maps discovered:
D:1:      matt_arrival_spirals, layout_loops_cross
D:2:      layout_loops_ring, serial_park_tiny_pond
D:3:      layout_loops_ring, marbit_many_paths, mainiacjoe_overflow_catwalk,
          hangedman_abyss_or_decor_lesser_grid, minmay_crystal_room,
          minmay_goblin_outpost
D:4:      layout_basic, nicolae_gozag_cash_rules_everything_around_me
D:5:      layout_basic, mainiacjoe_overflow_small_starburst, serial_shops,
          nicolae_shop_advertising_works [nicolae_subvault_shop_adworks]
D:6:      layout_gridville, temple_hall, uniq_menkaure, uniq_blork_the_orc
D:7:      layout_basic, mainiacjoe_overflow_boulevard,
          mainiacjoe_overflow_concentric_impassable,
          nicolae_tso_besieged_by_evil, enter_bailey_4
Bailey:   bailey_axe_3, bailey

Skill      XL: |  1  2  3  4  5  6  7  8 |
---------------+-------------------------+-----
Conjurations   | 2 3 4 5 |  5.0
Summonings     | 3 5 |  5.0
Air Magic      | 2 5 |  5.0
Shields        | 1 4 |  4.0
Necromancy     | 2 |  2.4
Dodging        | |  1.7
Stealth        | |  1.7
Spellcasting   | |  3.0
Translocations | |  0.8

Action                   |  1- 3 |  4- 6 |  7- 9 || total
-------------------------+-------+-------+-------++-------
Melee: Dagger            |    42 |    69 |    48 ||   159
       Whip              |       |     2 |       ||     2
       Punch             |       |     1 |       ||     1
 Cast: Magic Dart        |   130 |   120 |   116 ||   366
       Cigotuvi's Dreadf |     1 |     3 |     2 ||     6
       Call Imp          |     2 |    13 |     9 ||    24
  Use: Potion            |       |     1 |     6 ||     7
       Scroll            |       |       |    11 ||    11
 Stab: Distracted        |       |       |     1 ||     1
       Invisible         |       |       |     1 ||     1
Armor: Robe              |     7 |    13 |    39 ||    59
Dodge: Dodged            |    44 |    42 |    63 ||   149
Block: Buckler           |       |       |    17 ||    17

Table legend: (Time is in decaauts)
 A = Elapsed time spent in this place.
 B = Non-inter-level travel time spent in this place.
 C = Inter-level travel time spent in this place.
 D = Time resting spent in this place.
 E = Time spent auto-exploring this place.
 F = Levels seen in this place.
 G = Mean time per level.
                   A        B        C        D        E       F      G
               +--------+--------+--------+--------+--------+-----+--------+
         Total |   8352 |   7990 |    362 |   1694 |   4970 |   8 | 1044.0 |
       Dungeon |   8213 |   7851 |    362 |   1607 |   4970 |   7 | 1173.3 |
        Bailey |    139 |    139 |      0 |     87 |      0 |   1 |  139.0 |
               +--------+--------+--------+--------+--------+-----+--------+

Top non-repeatable levels by time:
     D:1: 1608 daAuts
     D:2: 1511 daAuts
     D:4: 1506 daAuts
     D:3: 1463 daAuts
     D:5: 1066 daAuts
     D:6: 860 daAuts
     D:7: 197 daAuts
  Bailey: 139 daAuts

Table legend:
 A = Kills in this place as a percentage of kills in entire the game.
 B = Kills by you in this place as a percentage of kills by you in the entire game.
 C = Kills by friends in this place as a percentage of kills by friends in the entire game.
 D = Other kills in this place as a percentage of other kills in the entire game.
 E = Experience gained in this place as a percentage of experience gained in the entire game.
 F = Experience gained in this place divided by the number of levels of this place that you have seen.
                   A       B       C       D       E      F
               +-------+-------+-------+-------+-------+----------------------
         Total | 100.0 | 100.0 | 100.0 |   N/A | 100.0 | 256.2
       Dungeon |  93.6 |  94.5 |  84.6 |   N/A |  85.5 | 250.4
        Bailey |   6.4 |   5.5 |  15.4 |   N/A |  14.5 | 297.0
               +-------+-------+-------+-------+-------+----------------------
